 Dungeon Crawl Stone Soup version 0.30.0-7-g0c4daa9e05 (webtiles) character file.

Game seed: 11459957716845145992

55 Pizzadoos the Magician (level 3, -2/26 HPs)
             Began as a Gnoll Wanderer on May 13, 2023.
             Slain by a gnoll
             ... wielding a +0 flail
              (4 damage)
             ... on level 3 of the Dungeon.
             The game lasted 00:04:16 (1733 turns).

Pizzadoos the Magician (Gnoll Wanderer)             Turns: 1733, Time: 00:04:17

Health: -2/26      AC:  7    Str: 14    XL:     3   Next: 93%
Magic:  11/11      EV: 10    Int: 12    God:
Gold:   130        SH:  0    Dex:  9    Spells: 15/16 levels left

rFire   . . .        a - +0 trident
rCold   . . .        (no shield)
rNeg    . . .        c - +0 ring mail
rPois   .            (no helmet)
rElec   .            (no cloak)
rCorr   .            i - +0 pair of gloves
SInv    .            (no boots)
Will    .....        (no amulet)
Stlth   +            (no ring)
HPRegen 0.24/turn    (no ring)
MPRegen 0.12/turn

%: no passive effects
@: flying
A: fangs 1, strong nose, distributed training
a: no special abilities


You were on level 3 of the Dungeon.
You visited 1 branch of the dungeon, and saw 3 of its levels.

You collected 130 gold pieces.

Inventory:

Hand Weapons
 a - a +0 trident (weapon)
Missiles
 j - 15 stones (quivered)
 n - 6 poisoned darts
Armour
 c - a +0 ring mail (worn)
 i - a +0 pair of gloves (worn)
Wands
 p - a wand of polymorph (11)
Scrolls
 d - 3 scrolls of identify
 f - a scroll of noise {unknown}
 l - a scroll of teleportation {unknown}
Potions
 b - a potion of attraction
 e - a potion of brilliance {unknown}
 g - a potion of berserk rage {unknown}
 h - 3 potions of flight
 k - 2 potions of mutation
 m - a potion of might {unknown}
 o - a potion of heal wounds {unknown}


   Skills:
 + Level 1.0 Fighting
 + Level 1.0 Short Blades
 + Level 1.0 Long Blades
 + Level 1.0 Axes
 + Level 1.0 Maces & Flails
 + Level 1.0 Polearms
 + Level 1.0 Staves
 + Level 1.0 Ranged Weapons
 + Level 1.0 Throwing
 + Level 6.5 Armour
 + Level 1.0 Dodging
 + Level 1.0 Stealth
 + Level 1.0 Shields
 + Level 1.0 Unarmed Combat
 + Level 7.2 Spellcasting
 + Level 2.2 Conjurations
 + Level 0.7 Hexes
 + Level 0.7 Summonings
 + Level 0.7 Necromancy
 + Level 0.7 Translocations
 + Level 3.8 Transmutations
 + Level 0.7 Fire Magic
 + Level 0.7 Ice Magic
 + Level 0.7 Air Magic
 + Level 0.7 Earth Magic
 + Level 0.7 Poison Magic
 + Level 1.1 Invocations
 + Level 2.7 Evocations


You had 15 spell levels left.
You knew the following spells:

 Your Spells              Type           Power      Damage    Failure   Level
a - Magic Dart            Conj           36%        1d4       12%         1

Your spell library contained the following spells:

 Spells                   Type           Power      Damage    Failure   Level
 Beastly Appendage        Tmut           26%        N/A       6%          1
 Passwall                 Tmut/Erth      7%         N/A       17%         2
 Mephitic Cloud           Conj/Pois/Air  7%         N/A       47%         3
 Portal Projectile        Hex/Tloc       12%        N/A       54%         3
 Tukima's Dance           Hex            6%         N/A       54%         3
 Vhi's Electric Charge    Tloc/Air       12%        N/A       54%         3
 Petrify                  Tmut/Erth      9%         N/A       75%         4
 Blade Hands              Tmut           6%         N/A       86%         5
 Animate Dead             Necr           6%         N/A       91%         4
 Arcjolt                  Conj/Air       3%         1d13      99%         5
 Borgnjor's Vile Clutch   Necr/Erth      3%         N/A       99%         5
 Death Channel            Necr           3%         N/A       100%        6
 Maxwell's Capacitive Co  Air            3%         ∞         100%        8


Dungeon Overview and Level Annotations

Branches:
Dungeon (3/15)

Altars:
Hepliaklqana


Innate Abilities, Weirdness & Mutations

You have very sharp teeth.
Your uncanny sense of smell can sniff out nearby items.
Your experience applies equally to all skills.


Message History

You hit the gnoll.
The gnoll is heavily wounded.
The gnoll hits you with a +0 whip.
You hit the gnoll but do no damage.
The gnoll is heavily wounded.
The gnoll hits you with a +0 whip.
You hit the gnoll.
The gnoll is severely wounded.
The gnoll hits you with a +0 whip.
You puncture the gnoll!
You kill the gnoll!
The gnoll hits you with a +0 flail.
* * * LOW HITPOINT WARNING * * *
Your Fighting skill increases to level 1!
Your Short Blades skill increases to level 1!
Your Long Blades skill increases to level 1!
Your Axes skill increases to level 1!
Your Maces & Flails skill increases to level 1!
Your Polearms skill increases to level 1!
Your Staves skill increases to level 1!
Your Ranged Weapons skill increases to level 1!
Your Throwing skill increases to level 1!
Your Dodging skill increases to level 1!
Your Stealth skill increases to level 1!
Your Shields skill increases to level 1!
Your Unarmed Combat skill increases to level 1!
It was a potion of flight.
You feel very buoyant.
You fly up into the air.
The gnoll hits you with a +0 flail.
* * * LOW HITPOINT WARNING * * *
The gnoll attacks as you move away! The gnoll hits you with a +0 flail.
* * * LOW HITPOINT WARNING * * *
The gnoll attacks as you move away! The gnoll hits you with a +0 flail.
* * * LOW HITPOINT WARNING * * *
Okay, then.
As you read the scroll labelled AMIVETE JAOT, it crumbles to dust.
It is a scroll of identify.
k - 2 potions of mutation The gnoll hits you with a +0 flail.
You die...

#.. #..∆ #.# ∆ #)# #.#
#.# #.#
#.####################
#..gg@................
######################


You could see 2 gnolls.

Vanquished Creatures
  2 gnolls (D:3)
  A worm (D:2)
  3 bats
  5 endoplasms
  4 giant cockroaches
  A goblin (D:2)
  A hobgoblin (D:2)
  3 jackals (D:1)
  2 quokkas
  3 frilled lizards
  3 kobolds
  3 rats
31 creatures vanquished.

Notes
Turn   | Place    | Note
-------+----------+-------------------------------------------
     0 | D:1      | Pizzadoos the Gnoll Wanderer began the quest for the Orb.
     0 | D:1      | Pizzadoos set off with the following items: a +0 club, a
                  | potion of attraction, a +0 ring mail; and the following
                  | spells available to memorise: Beastly Appendage, Magic
                  | Dart, Passwall, Mephitic Cloud, Petrify.
     0 | D:1      | Reached XP level 1. HP: 13/13 MP: 8/8
     2 | D:1      | Learned a level 1 spell: Magic Dart
   254 | D:1      | Reached XP level 2. HP: 16/19 MP: 10/10
   752 | D:1      | Found a faded altar of an unknown god.
  1143 | D:2      | Found a hazy altar of Hepliaklqana.
  1252 | D:2      | Reached XP level 3. HP: 19/25 MP: 11/11
  1576 | D:2      | Reached skill level 1 in Invocations
  1725 | D:3      | Reached skill level 1 in Fighting
  1725 | D:3      | Reached skill level 1 in Short Blades
  1725 | D:3      | Reached skill level 1 in Long Blades
  1725 | D:3      | Reached skill level 1 in Axes
  1725 | D:3      | Reached skill level 1 in Maces & Flails
  1725 | D:3      | Reached skill level 1 in Polearms
  1725 | D:3      | Reached skill level 1 in Staves
  1725 | D:3      | Reached skill level 1 in Ranged Weapons
  1725 | D:3      | Reached skill level 1 in Throwing
  1725 | D:3      | Reached skill level 1 in Dodging
  1725 | D:3      | Reached skill level 1 in Stealth
  1725 | D:3      | Reached skill level 1 in Shields
  1725 | D:3      | Reached skill level 1 in Unarmed Combat
  1732 | D:3      | HP: 1/26 [gnoll/+0 flail (2)]
  1733 | D:3      | Slain by a gnoll

Illustrated notes

Levels and vault maps discovered:
D:1:      ncdulo_halloftheorcs, layout_loops_corners,
          hellmonk_ecumenical_altar_lost_god,
          nicolae_concentric_dashed_squares_wild
D:2:      layout_basic, basic_altar
D:3:      layout_basic, serial_shops, shop, nicolae_square_shop, shop,
          nicolae_titane

Skill      XL: |  1  2  3 |
---------------+----------+-----
Conjurations   | 2 |  2.2
Invocations    | 1 |  1.1
Fighting       | 1 |  1.0
Short Blades   | 1 |  1.0
Long Blades    | 1 |  1.0
Axes           | 1 |  1.0
Maces & Flails | 1 |  1.0
Polearms       | 1 |  1.0
Staves         | 1 |  1.0
Ranged Weapons | 1 |  1.0
Throwing       | 1 |  1.0
Dodging        | 1 |  1.0
Stealth        | 1 |  1.0
Shields        | 1 |  1.0
Unarmed Combat | 1 |  1.0
Armour         | |  6.5
Spellcasting   | |  7.2
Hexes          | |  0.7
Summonings     | |  0.7
Necromancy     | |  0.7
Translocations | |  0.7
Transmutations | |  3.8
Fire Magic     | |  0.7
Ice Magic      | |  0.7
Air Magic      | |  0.7
Earth Magic    | |  0.7
Poison Magic   | |  0.7
Evocations     | |  2.7

Action                     || total
---------------------------++-------
  Melee: Club              ||    33
         Bite              ||    10
         Long sword        ||    38
         Trident           ||    57
         Punch             ||     1
    Use: Scroll            ||     1
         Potion            ||     1
 Armour: Ring mail         ||    65
  Dodge: Dodged            ||    71
